[Event "Serbian League Women 2024"]
[Site "Bajina Basta"]
[Date "2024.10.03"]
[Round "7.17"]
[White "Badelka, Olga"]
[Black "Maltsevskaya, Aleksandra"]
[Result "0-1"]
[ECO "D55"]
[WhiteElo "2430"]
[BlackElo "2404"]
[Annotator "TA"]
[PlyCount "84"]
[EventDate "2024.09.26"]
[EventType "team-tourn"]
[EventCountry "SRB"]
[SourceTitle "playchess.com"]
[Source "ChessBase"]
[SourceQuality "1"]
[TimeControl "40/5400+30:1800+30"]

1. d4 d5 2. c4 e6 3. Nc3 Nf6 4. Bg5 Be7 5. e3 O-O 6. Nf3 b6 7. cxd5 Nxd5 8. Bxe7 Qxe7 9. Nxd5 exd5 10. Rc1 Be6 11. Bd3 h6 {[%emt 0:02:54] D55: Damegambiet Geweigerd: 4 Lg5 Le7: Varianten zonder ...h6 en 6...h6 7 Lxf6.} 12. O-O c5 {[%emt 0:01:21] Beste (Gemakkelijk)} 13. e4 {[%emt 0:04:06] Dreigt te winnen met dxc5. Onnauwkeurig} (13. Ne5 $5) 13... Nd7 {[%emt 0:08:45] OK. De stelling is in evenwicht.} 14. Re1 {[%emt 0:00:45] OK} Qd8 15. dxc5 $146 {[%emt 0:12:03] OK} ({Predecessor:} 15. e5 Rc8 16. Bb1 Re8 17. Qd3 Nf8 18. g3 Qe7 19. Nh4 cxd4 20. Qxd4 Rc4 21. Rxc4 dxc4 {½-½ Hurme,H (2255)-Nokso Koivisto,A FIN-chT Finland 1989}) 15... Nxc5 16. e5 {[%emt 0:00:07] OK} Bg4 {[%emt 0:20:26] OK} 17. Bb1 Re8 {[%emt 0:04:46] OK} 18. Qc2 {[%emt 0:24:25] Fout (0.8)} (18. h3 $14 Bxf3 19. Qxf3) 18... g6 {[%emt 0:14:32] [#] ...Bxf3 is de sterke dreiging. Onnauwkeurig} 19. Nd4 {[%emt 0:00:06] Onnauwkeurig} Qg5 {[%emt 0:00:30][%cal Oa8c8] Ontwijkt Qd2. OK} 20. f3 {[%emt 0:11:36] h4 zou dodelijk zijn. OK} Bd7 $1 {[%emt 0:00:48][%cal Re8e5] Sterk} 21. b4 {[%emt 0:01:25] blijft gelijk. Fout (1.1)} (21. Qe2 $1 $11) 21... Ne6 $17 {[%emt 0:04:31] Beste (Gemakkelijk)} 22. Nxe6 {[%emt 0:00:31] OK} Rxe6 23. h4 {[%emt 0:10:38] OK} Qxh4 {[%emt 0:01:37] Zwart is actiever.} 24. Qd2 {[%emt 0:00:08] OK} Rc8 {[%emt 0:02:59] Stopt Rc7. Beste (Gemakkelijk)} 25. f4 Rxc1 26. Rxc1 Rc6 {[%emt 0:00:19] OK} 27. Rf1 {[%emt 0:04:27] OK} Be6 {[%emt 0:00:30] OK} 28. a3 Qg3 29. Rf3 {[%emt 0:00:12] Voorkomt Rc3. OK} Qg4 30. b5 {[%emt 0:04:03] OK} Rc5 31. f5 {[%emt 0:00:32] Beste} Bxf5 (31... Rxb5 $2 32. Bd3 Qd4+ 33. Qf2 Qa1+ (33... Qxe5 $2 {te hebberig.} 34. fxe6 $18) 34. Qf1 Qd4+ (34... Qxe5 $2 35. fxe6 Rc5 36. Bxg6 $18) 35. Kh1 Bxf5 (35... Qh4+ $2 36. Rh3 $18) 36. Bxb5 $16) (31... gxf5 $5 {is complexer.} 32. Qxh6 Rc4 33. Kh2 Qh4+) 32. Bxf5 gxf5 {[%emt 0:00:04][%mdl 4096] Eindspel. KQR-KQR} 33. e6 $2 {[%emt 0:02:34] was een poging waard. Verliest de partij. Verliest partij (2.0)} (33. Qxh6 $17 Rc2 (33... Rxb5 $2 34. Kh2 $18) 34. Rf2) 33... fxe6 $19 {[%emt 0:00:57] Beste (Gemakkelijk)} (33... Rxb5 $2 34. e7 (34. Qxh6 Rb1+ 35. Kh2 Qg6 $18) 34... Rb1+ 35. Kf2 $18) 34. Qxh6 {[%emt 0:00:10] OK} Kf7 {[%emt 0:00:24][%cal Og4g7] [#] met als doel voor ...Qg7! OK} (34... Rxb5 $2 {vergaat.} 35. Qxe6+ Kg7 36. Qe5+ (36. Qxf5 Qxf5 37. Rxf5 Kg6 $17) (36. Qd7+ Kf6 $18) 36... Kh6 37. Qe3+ (37. Rxf5 Rb1+ 38. Rf1 Rxf1+ 39. Kxf1 Qc4+ 40. Kf2 Kg6 $11) 37... Kg6 38. Rg3 $18 (38. Qe8+ Kf6 $18) (38. Qe8+ Kf6 $18)) 35. Kh2 $2 {[%emt 0:01:01] noodzakelijke zet. Fout (2.5)} (35. Re3 f4 (35... Rxb5 $2 36. Qxe6+ Kg7 37. Qe7+ Kg8 38. Qe8+ Kh7 39. Re7+ Kh6 40. Re6+ Kg5 41. Rg6+ Kf4 42. Rxg4+ fxg4 43. Qxb5 $18) (35... Rc1+ $2 36. Kh2 $19) 36. Rf3) 35... Rc4 {[%emt 0:00:54] OK} (35... Rxb5 $2 {verliest.} 36. Rg3 $18) 36. Qh7+ Kf6 {[%emt 0:00:17] En nu zou ...Qh4+ winnen.} 37. Qd7 {[%emt 0:00:42] Fout (2.5)} (37. Qh6+ $142 Kf7 38. Qh7+ Qg7 39. Qh5+ Ke7 40. Re3) 37... Qh4+ {[%emt 0:00:22] OK} 38. Rh3 {[%emt 0:00:02] Beste} Qf4+ 39. Rg3 Qc7 40. Qe8 Rh4+ {[%emt 0:00:31] Zwart zet mat.} 41. Kg1 Qc1+ 42. Kf2 Qd2+ {[%emt 0:00:04] Blunder waarde: Wit=0.56/Zwart=0.10 (erg precies) .  Verliest partij:   	Wit=1      	---        Fout:        	Wit=4      	---        Onnauwkeurig:    	Wit=2      	Zwart=1      OK:         	Wit=11     	Zwart=9      Beste:        	Wit=2      	Zwart=4      Sterk:        	---       	Zwart=1} 0-1

[Event "Serbian League Women 2024"]
[Site "Bajina Basta"]
[Date "2024.10.03"]
[Round "7.18"]
[White "Prudnikova, Svetlana"]
[Black "Zimina, Olga"]
[Result "1/2-1/2"]
[ECO "D11"]
[WhiteElo "2117"]
[BlackElo "2302"]
[Annotator "RC"]
[PlyCount "77"]
[EventDate "2024.09.26"]
[EventType "team-tourn"]
[EventCountry "SRB"]
[SourceTitle "playchess.com"]
[Source "ChessBase"]
[SourceQuality "1"]
[TimeControl "40/5400+30:1800+30"]

1. d4 d5 2. c4 c6 3. Nf3 Nf6 4. e3 a6 5. Bd3 Bg4 6. Nbd2 Nbd7 7. h3 Bh5 8. Qc2 e6 9. O-O Bd6 10. b3 O-O 11. Ng5 Bg6 12. Bxg6 hxg6 13. e4 Bf4 14. Ngf3 e5 15. Bb2 dxe4 16. Nxe5 e3 17. Nxd7 Qxd7 18. Ne4 Nh5 19. Rae1 exf2+ 20. Qxf2 Bc7 21. Ba3 Rfe8 22. Nc5 Qd6 23. Rxe8+ Rxe8 24. Qxf7+ Kh7 25. Qxe8 Qh2+ 26. Kf2 Bg3+ 27. Kf3 Nf4 28. Rf2 Bxf2 29. Kxf2 Qxg2+ 30. Ke1 Qg1+ 31. Kd2 Qf2+ 32. Kd1 Qxd4+ 33. Kc2 b6 34. Ne4 Qd3+ 35. Kb2 Qd4+ 36. Kb1 Qd3+ 37. Kb2 Qd4+ 38. Kb1 Qd3+ 39. Kb2 1/2-1/2

[Event "Serbian League Women 2024"]
[Site "Bajina Basta"]
[Date "2024.10.03"]
[Round "7.19"]
[White "Nestorovic, Katarina"]
[Black "Drljevic, Ljilja"]
[Result "0-1"]
[ECO "B01"]
[WhiteElo "2038"]
[BlackElo "2102"]
[Annotator "NA RC"]
[PlyCount "64"]
[EventDate "2024.09.26"]
[EventType "team-tourn"]
[EventCountry "SRB"]
[SourceTitle "playchess.com"]
[Source "ChessBase"]
[SourceQuality "1"]
[TimeControl "40/5400+30:1800+30"]

1. e4 d5 2. exd5 Qxd5 3. Nc3 Qd8 4. d4 Nf6 5. Bd3 g6 6. Nge2 Bg7 7. Bf4 b6 8. Qd2 Bb7 9. f3 e6 10. O-O-O a6 11. Bh6 Bxh6 12. Qxh6 Nbd7 13. d5 Nxd5 14. Nxd5 exd5 15. Rhe1 Qf6 16. Qe3+ Kf8 17. Nd4 Rd8 18. Qh6+ Kg8 19. Rd2 c5 20. Rde2 Qg7 21. Qh4 Qf6 22. Qh6 Rf8 23. Re7 Bc8 24. Re8 Qg7 25. Qxg7+ Kxg7 26. Rxf8 Rxf8 27. Nc6 Bb7 28. Ne7 c4 29. Bf1 f5 30. g4 fxg4 31. fxg4 Kf7 32. Bg2 Re8 0-1

[Event "Serbian League Women 2024"]
[Site "Bajina Basta"]
[Date "2024.10.03"]
[Round "7.20"]
[White "Mijic, Sara"]
[Black "Dizdarevic, Barbara"]
[Result "1-0"]
[ECO "B00"]
[WhiteElo "1993"]
[BlackElo "1966"]
[Annotator "NA RC"]
[PlyCount "55"]
[EventDate "2024.09.26"]
[EventType "team-tourn"]
[EventCountry "SRB"]
[SourceTitle "playchess.com"]
[Source "ChessBase"]
[SourceQuality "1"]
[TimeControl "40/5400+30:1800+30"]

1. e4 b6 2. d4 Bb7 3. Nc3 e6 4. f4 Bb4 5. Bd3 f5 6. Qh5+ g6 7. Qe2 Qh4+ 8. Kf1 Bxc3 9. bxc3 Nh6 10. Nf3 Qe7 11. e5 Nf7 12. a4 a5 13. Ba3 d6 14. Re1 Kd7 15. Bb5+ c6 16. exd6 Nxd6 17. Ne5+ Kc8 18. Nc4 cxb5 19. Bxd6 Qd8 20. Qxe6+ Nd7 21. Be7 Qc7 22. Nd6+ Kb8 23. Nxb5 Qxf4+ 24. Kg1 Kc8 25. Nd6+ Kc7 26. Nxb7 Kxb7 27. Bd6 Qd2 28. Qxd7+ 1-0

[Event "Serbian League Women 2024"]
[Site "Bajina Basta"]
[Date "2024.10.03"]
[Round "7.21"]
[White "Muetsch, Annmarie"]
[Black "Unuk, Laura"]
[Result "1/2-1/2"]
[ECO "C08"]
[WhiteElo "2290"]
[BlackElo "2316"]
[Annotator "RC"]
[PlyCount "150"]
[EventDate "2024.09.26"]
[EventType "team-tourn"]
[EventCountry "SRB"]
[SourceTitle "playchess.com"]
[Source "ChessBase"]
[SourceQuality "1"]
[TimeControl "40/5400+30:1800+30"]

1. e4 e6 2. d4 d5 3. Nd2 c5 4. exd5 exd5 5. Ngf3 Nf6 6. Bb5+ Bd7 7. Bxd7+ Nbxd7 8. O-O Be7 9. dxc5 Nxc5 10. c3 O-O 11. Nb3 Nce4 12. Bf4 Re8 13. Nbd4 Bd6 14. Bxd6 Nxd6 15. Qb3 Qd7 16. h3 Nc4 17. Rad1 a6 18. a4 Ne4 19. Qa2 Rad8 20. Nc2 Qc7 21. Nb4 Qc5 22. Rd4 a5 23. Nxd5 Nxb2 24. Rb1 Rxd5 25. Rxd5 Qxf2+ 26. Kh1 Nxc3 27. Qxb2 Qxb2 28. Rxb2 Nxd5 29. Rb5 Nc3 30. Rxa5 h6 31. Ra7 b6 32. Ra6 Nd5 33. a5 bxa5 34. Rxa5 Nf4 35. Ra2 g6 36. Kg1 Kg7 37. Kf2 Nd3+ 38. Kg3 Re7 39. Rd2 Nc5 40. Ra2 Ne4+ 41. Kh2 Nc3 42. Rc2 Ne2 43. Ra2 Re3 44. Rb2 g5 45. Rb4 Kg6 46. Rb1 Nf4 47. Rb2 f6 48. Kg3 h5 49. Ra2 h4+ 50. Kf2 Rc3 51. Rd2 Kf5 52. Rd4 Ra3 53. Rd2 Nd3+ 54. Kg1 Kf4 55. Kh2 f5 56. Rc2 Ra4 57. Rc3 Nb2 58. Rb3 Nd1 59. Rd3 Nf2 60. Rd4+ Rxd4 61. Nxd4 Ke4 62. Nf3 Kf4 63. Nd4 g4 64. hxg4 fxg4 65. g3+ hxg3+ 66. Kg2 Ne4 67. Ne2+ Kf5 68. Nxg3+ Nxg3 69. Kxg3 Kg5 70. Kg2 Kf4 71. Kf2 g3+ 72. Kg2 Kg4 73. Kg1 Kf3 74. Kf1 g2+ 75. Kg1 Kg3 1/2-1/2

[Event "Serbian League Women 2024"]
[Site "Bajina Basta"]
[Date "2024.10.03"]
[Round "7.22"]
[White "Lach, Aleksandra"]
[Black "Mehmed, Elif"]
[Result "1-0"]
[ECO "B30"]
[WhiteElo "2278"]
[BlackElo "2228"]
[Annotator "RC"]
[PlyCount "95"]
[EventDate "2024.09.26"]
[EventType "team-tourn"]
[EventCountry "SRB"]
[SourceTitle "playchess.com"]
[Source "ChessBase"]
[SourceQuality "1"]
[TimeControl "40/5400+30:1800+30"]

1. e4 c5 2. Nc3 Nc6 3. Bb5 Nd4 4. Nf3 e6 5. O-O a6 6. Bd3 Nc6 7. Nd5 g5 8. Ne3 h5 9. b3 Bg7 10. Rb1 g4 11. Ne1 Nge7 12. f3 gxf3 13. Nxf3 Ng6 14. Nc4 Qc7 15. e5 Ngxe5 16. Bb2 d5 17. Ncxe5 Nxe5 18. Bxe5 Bxe5 19. Nxe5 Qxe5 20. Qf3 Qd4+ 21. Kh1 Qg7 22. c4 d4 23. Rbe1 a5 24. Be4 a4 25. Bc6+ Ke7 26. Bxb7 Ra7 27. Bc6 Kd6 28. bxa4 f5 29. Rb1 Qg4 30. Qb3 Rc7 31. Bf3 Qf4 32. Bd5 Qh6 33. Qb6+ Kd7 34. Bf3 e5 35. Qb5+ Kd8 36. Bd5 Qxd2 37. Qb8 e4 38. Rxf5 Qc2 39. Rff1 e3 40. Qb6 Re8 41. Qf6+ Rce7 42. Rb8 e2 43. Qd6+ Rd7 44. Rxc8+ Kxc8 45. Qa6+ Kd8 46. Qa8+ Kc7 47. Qb7+ Kd8 48. Qb8+ 1-0

[Event "Serbian League Women 2024"]
[Site "Bajina Basta"]
[Date "2024.10.03"]
[Round "7.23"]
[White "Manakova, Maria"]
[Black "Bojicic, Andjela"]
[Result "1-0"]
[ECO "B07"]
[WhiteElo "2185"]
[BlackElo "2071"]
[Annotator "RC"]
[PlyCount "71"]
[EventDate "2024.09.26"]
[EventType "team-tourn"]
[EventCountry "SRB"]
[SourceTitle "playchess.com"]
[Source "ChessBase"]
[SourceQuality "1"]
[TimeControl "40/5400+30:1800+30"]

1. e4 d6 2. d4 Nf6 3. Nc3 a6 4. Be3 e6 5. a4 b6 6. f3 Bb7 7. Nge2 Nbd7 8. Qd2 c5 9. Ng3 Qc7 10. d5 exd5 11. Nxd5 Nxd5 12. exd5 O-O-O 13. Ne4 Re8 14. Be2 h6 15. O-O g6 16. Nc3 Bg7 17. Bf2 h5 18. Bc4 Bh6 19. f4 Ne5 20. b3 Kb8 21. a5 b5 22. Bxb5 axb5 23. a6 b4 24. axb7 bxc3 25. Qe2 Qxb7 26. fxe5 Rxe5 27. Qc4 Rhe8 28. Ra5 Re4 29. Qxc3 Be3 30. Bxe3 Rxe3 31. Qa1 R8e7 32. c4 Rxb3 33. Qh8+ Kc7 34. Ra8 Rd7 35. Qa1 Kb6 36. Qa5# 1-0

[Event "Serbian League Women 2024"]
[Site "Bajina Basta"]
[Date "2024.10.03"]
[Round "7.24"]
[White "Maksimovic, Masa"]
[Black "Djingarova, Emilia"]
[Result "1/2-1/2"]
[ECO "B28"]
[WhiteElo "2093"]
[BlackElo "2140"]
[Annotator "NA RC"]
[PlyCount "116"]
[EventDate "2024.09.26"]
[EventType "team-tourn"]
[EventCountry "SRB"]
[SourceTitle "playchess.com"]
[Source "ChessBase"]
[SourceQuality "1"]
[TimeControl "40/5400+30:1800+30"]

1. e4 c5 2. Nf3 a6 3. c3 d5 4. exd5 Qxd5 5. d4 Nf6 6. Be2 e6 7. O-O Nc6 8. Be3 cxd4 9. Nxd4 Nxd4 10. Qxd4 e5 11. Qh4 Be7 12. Qg3 O-O 13. Nd2 Ne4 14. Qf3 Nf6 15. Nc4 Be6 16. Qg3 Nd7 17. Rfd1 Qe4 18. Nd6 Qg6 19. Qxg6 hxg6 20. Bc4 Bxc4 21. Nxc4 Rad8 22. Rd5 b5 23. Na5 Nf6 24. Rxd8 Bxd8 25. Nc6 Bc7 26. a4 Re8 27. axb5 axb5 28. Ra7 Nd5 29. Bc5 Re6 30. Nb4 Nxb4 31. cxb4 Rc6 32. Rb7 e4 33. Rxb5 Ra6 34. g3 Ra1+ 35. Kg2 Be5 36. Ra5 Rb1 37. b5 Rxb2 38. b6 f6 39. Ra8+ Kh7 40. Ra4 Rb5 41. Be3 f5 42. h4 Kg8 43. Rc4 Kf7 44. Rc5 Rxc5 45. Bxc5 Ke6 46. b7 Bb8 47. Bf8 Kd7 48. Bxg7 Kc6 49. Bh6 Kxb7 50. Kh3 Kc6 51. g4 Kd5 52. gxf5 gxf5 53. h5 Ke6 54. Kh4 Kf6 55. Bg5+ Kg7 56. Be3 f4 57. Bd4+ Kh6 58. Kg4 e3 1/2-1/2